 Dungeon Crawl Stone Soup version 0.18-a0-116-g2d311b1 (webtiles) character file.

80 Duffy the Cudgeler (level 4, -2/35 HPs)
             Began as a Formicid Abyssal Knight on Nov 16, 2015.
             Was a Follower of Lugonu.
             Slain by an orc priest
             ... wielding a +0 trident of piercing
              (3 damage)
             ... on level 3 of the Dungeon.
             The game lasted 00:02:18 (1774 turns).

Duffy the Cudgeler (Formicid Abyssal Knight)        Turns: 1774, Time: 00:02:18

Health: -2/35      AC:  4    Str: 17    XL:     4   Next: 65%
Magic:  6/6        EV: 11    Int: 11    God:    Lugonu [*.....]
Gold:   50         SH:  0    Dex: 11    Spells: 0 memorised, 3 levels left

rFire  . . .     SeeInvis +     a - +1 mace
rCold  . . .     Clarity  .     b - +0 leather armour
rNeg   . . .     SustAt   .     (no shield)
rPois  .         Gourm    .     (helmet unavailable)
rElec  .         Spirit   .     e - +0 cloak
rCorr  .         Warding  .     (no gloves)
rMut   .         Stasis   +     (no boots)
MR     .....                    (no amulet)
Stlth  +.........               (no ring)
                                (no ring)

@: not resistant to hostile enchantments, very unstealthy
A: permanent stasis, dig shafts and tunnels, four strong arms, antennae 3
a: Dig, Shaft Self, Depart the Abyss, Renounce Religion


You were on level 3 of the Dungeon.
You worshipped Lugonu.
Lugonu was aware of your devotion.
You were hungry.

You visited 1 branch of the dungeon, and saw 3 of its levels.
You visited the Abyss 1 time.

You collected 50 gold pieces.


Innate Abilities, Weirdness & Mutations

You are under a permanent stasis effect.
You can dig through walls and to a lower floor.
Your four strong arms can wield two-handed weapons with a shield.
You have a pair of large antennae on your head (SInv).


   Skills:
 - Level 3.2 Fighting
 + Level 3.8 Maces & Flails
 - Level 2.2 Armour
 - Level 0.8 Dodging
 - Level 3.5 Invocations


You had 3 spell levels left.
You didn't know any spells.

Inventory:

Hand Weapons
 a - a +1 mace (weapon)
Missiles
 d - 91 stones (quivered)
Armour
 b - a +0 leather armour (worn)
 e - a +0 cloak (worn)
Scrolls
 f - 4 scrolls of fog
 h - a scroll of blinking {unknown}
 i - 2 scrolls of recharging {unknown}
 j - 3 scrolls of remove curse
 l - a scroll of fear {unknown}
 o - 2 scrolls of teleportation
 p - a scroll of enchant weapon {unknown}
 q - a scroll of amnesia {unknown}
Potions
 g - a potion of flight {unknown}
 r - a potion of might {unknown}
Comestibles
 c - 3 bread rations
 m - a beef jerky
 n - a slice of pizza

Dungeon Overview and Level Annotations

Branches:
Dungeon (3/15)

Altars:


Message History

You are too injured to fight recklessly!
You are too injured to fight recklessly!
You are too injured to fight recklessly!
You are too injured to fight recklessly!
You are too injured to fight recklessly!
You are too injured to fight recklessly!
You are too injured to fight recklessly!
You are too injured to fight recklessly!
You are too injured to fight recklessly!
You are too injured to fight recklessly!
You are too injured to fight recklessly!
You are too injured to fight recklessly!
You are too injured to fight recklessly!
You are too injured to fight recklessly!
You are too injured to fight recklessly!
You are too injured to fight recklessly!
You are too injured to fight recklessly!
You are too injured to fight recklessly!
You are too injured to fight recklessly!
You are too injured to fight recklessly!
You are too injured to fight recklessly!
You are too injured to fight recklessly!
You are too injured to fight recklessly!
You are too injured to fight recklessly!
You are too injured to fight recklessly!
You are too injured to fight recklessly!
You are too injured to fight recklessly!
You are too injured to fight recklessly!
You are too injured to fight recklessly!
You completely miss the orc priest.
The orc priest is almost dead.
The orc priest invokes the aid of Beogh against you.
Pain shoots through your body!
The orc priest hits you with a trident of piercing!
You die...

###########
#<........#
#########.#
#.# #.# #@#
#o# #s# #.#
#.# #.# ..#
###


You could see an orc priest and a giant cockroach.

Action                   |  1- 3 |  4- 6 || total
-------------------------+-------+-------++-------
Melee: Mace              |    28 |    20 ||    48
Throw: Stone             |    36 |    29 ||    65
       Javelin           |    12 |    27 ||    39
Invok: Depart the Abyss  |     1 |       ||     1
  Use: Scroll            |     2 |     2 ||     4
 Stab: Sleeping          |     1 |       ||     1
  Eat: Chunk             |       |     2 ||     2

Notes
Turn   | Place    | Note
--------------------------------------------------------------
     0 | Abyss:1  | Duffy the Formicid Abyssal Knight began the quest for the Orb.
     0 | Abyss:1  | Reached XP level 1. HP: 18/18 MP: 2/2
     0 | D:1      | Escaped the Abyss
   258 | D:1      | Reached XP level 2. HP: 24/24 MP: 3/3
   341 | D:1      | Reached * piety under Lugonu
   341 | D:1      | Reached skill level 3 in Invocations
   620 | D:1      | Reached XP level 3. HP: 29/29 MP: 5/5
   906 | D:2      | Noticed Jessica
   908 | D:2      | Killed Jessica
   908 | D:2      | Reached skill level 3 in Maces & Flails
   908 | D:2      | Reached XP level 4. HP: 35/35 MP: 6/6
  1055 | D:2      | Found a faded altar to an unknown god.
  1774 | D:3      | Slain by an orc priest

Vault maps used:
D:1:      dpeg_arrival_long_road
D:2:      ecumenical_altar_2, uniq_jessica
D:3:      portal_sewer_entry_e, tgw_kikubaaqudgha, uniq_robin, uniq_terence

Vanquished Creatures
  Jessica
  An adder
  An ooze
  A worm
  A giant gecko
  An orc
  2 ball pythons
  3 giant cockroaches
  4 goblins
  7 hobgoblins
  A quokka
  3 giant newts
  4 kobolds
  9 rats
39 creatures vanquished.
